 Dungeon Crawl Stone Soup version 0.16-a0-3724-gf14d081 (webtiles) character file.

45 SkaryMonk the Twirler (level 3, -3/29 HPs)
             Began as a Demigod Wanderer on Jan 21, 2015.
             Slain by a hobgoblin
             ... wielding a +0 club
             ... led by Robin
              (8 damage)
             ... on level 1 of the Dungeon.
             The game lasted 00:04:00 (1746 turns).

SkaryMonk the Twirler (Demigod Wanderer)            Turns: 1746, Time: 00:04:00

Health: -3/29      AC:  2    Str: 12    XL:     3   Next: 25%
Magic:  8/8        EV: 11    Int: 21    God:
Gold:   38         SH:  0    Dex: 15    Spells: 1 memorised, 6 levels left

rFire  . . .     SeeInvis .     a - +0 quarterstaff
rCold  . . .     Clarity  .     e - +0 robe
rNeg   . . .     SustAb   +     (no shield)
rPois  .         Gourm    .     (no helmet)
rElec  .         Spirit   .     (no cloak)
rCorr  .         Warding  .     (no gloves)
rMut   .         Stasis   .     (no boots)
MR     .....                    (no amulet)
Stlth  +.........               (no ring)
                                (no ring)

@: not resistant to hostile enchantments, very unstealthy
A: sustain abilities
a: no special abilities


You were on level 1 of the Dungeon.
You were not hungry.

You visited 1 branch of the dungeon, and saw 2 of its levels.

You collected 38 gold pieces.

Notes
Turn   | Place    | Note
--------------------------------------------------------------
     0 | D:1      | SkaryMonk, the Demigod Wanderer, began the quest for the Orb.
     0 | D:1      | SkaryMonk set off with: 4 curare-tipped needles, a +2 blowgun, a +0 quarterstaff, the Disquisition on Clay, a +0 robe, a bread ration
     0 | D:1      | Reached XP level 1. HP: 17/17 MP: 4/4
     0 | D:1      | Identified the Disquisition on Clay
     2 | D:1      | Learned a level 1 spell: Sandblast
   361 | D:1      | Reached XP level 2. HP: 14/24 MP: 6/6
  1287 | D:2      | Noticed Robin
  1294 | D:2      | Reached XP level 3. HP: 24/29 MP: 8/8
  1453 | D:1      | Reached skill level 3 in Staves
  1746 | D:1      | Slain by a hobgoblin

Inventory:

Hand weapons
 a - a +0 quarterstaff (weapon)
 b - a +2 blowgun
Missiles
 c - 4 curare-tipped needles
 i - 15 stones (quivered)
Armour
 e - a +0 robe (worn)
 h - a +0 chain mail
 p - a +0 shield
Jewellery
 n - an uncursed ring of invisibility
Scrolls
 j - 2 scrolls of remove curse
 l - a scroll of recharging {unknown}
 m - a scroll of random uselessness {unknown}
 o - a scroll of enchant armour {unknown}
 q - a scroll of enchant weapon {unknown}
Books
 d - the Disquisition on Clay

   Spells                             Type                      Level
   a - Sandblast                      Earth                        1
   b - Stone Arrow                    Conjuration/Earth            3
Comestibles
 f - a bread ration

Table legend:
 A = Turns spent in this place as a percentage of turns spent in the entire game.
 B = Non-inter-level travel turns spent in this place as a percentage of non-inter-level travel turns spent in the entire game.
 C = Inter-level travel turns spent in this place as a percentage of turns spent in this place.
 D = Turns resting spent in this place as a percentage of non-inter-level travel turns spent in this place.
 E = Turns spent auto-exploring this place as a percentage of non-inter-level travel turns spent in this place.
 F = Non-inter-level travel turns spent in this place divided by the number of levels of this place that you've seen.
                   A       B       C       D       E      F
               +-------+-------+-------+-------+-------+----------------------
         Total | 100.0 | 100.0 |   0.9 |   5.8 |  11.7 | 171.0
       Dungeon | 100.0 | 100.0 |   0.9 |   5.8 |  11.7 | 171.0
               +-------+-------+-------+-------+-------+----------------------


   Skills:
 - Level 1.7 Fighting
 + Level 3.1 Staves
 - Level 1.7 Throwing
 - Level 2.6 Spellcasting
 - Level 1.7 Earth Magic


You had 6 spell levels left.
You knew the following spells:

 Your Spells              Type           Power        Failure   Level  Hunger
a - Sandblast             Erth           ##....       10%         1    None


Dungeon Overview and Level Annotations

Branches:
Dungeon (2/15)

Annotations:
D:1 Robin


Innate Abilities, Weirdness & Mutations

Your attributes are resistant to harm.


Message History

Things that are here:
a club; a goblin corpse Robin barely misses you.
There is an open door here.
Read which item? (? for menu, Esc to quit)
Okay, then.
Unknown command.
You aren't carrying any potions.
Read which item? (? for menu, Esc to quit)
As you read the scroll labeled ETRYUH URID, it crumbles to dust.
You feel blessed for a moment.
It was a scroll of remove curse.
The hobgoblin hits you with a club.
* * * LOW HITPOINT WARNING * * *
Read which item? (? for menu, Esc to quit)
As you read the scroll labeled QEREMN INNALAO, it crumbles to dust.
It is a scroll of identify.
Identify which item? (\ to view known items) (? for menu, Esc to quit)
n - an uncursed ring of invisibility The hobgoblin hits you with a club!
You die...

###### ##### #....####...# ###
#.........#.## ############
##.###..#.####.....
#..........####...##..#.#
#..###
#.#####..#............#.# #..#
# #.# #....####...##.##.# #..#
# #.#####....## ##@###.##.#
#..# # #.##........# #g#
#.##.# #..# # #.##.##....##
#g# #....# #..### #.##.##.#.##
##'######## #..... #.##.##.###
##...## ##.### #.......#
##.)...## ####.# ####.#.##
##.......## ##.##.#
#....####.>.......####...#.###
#.......+)........'...........


You could see Robin and a hobgoblin (frenzied).

Table legend:
 A = Kills in this place as a percentage of kills in entire the game.
 B = Kills by you in this place as a percentage of kills by you in the entire game.
 C = Kills by friends in this place as a percentage of kills by friends in the entire game.
 D = Other kills in this place as a percentage of other kills in the entire game.
 E = Experience gained in this place as a percentage of experience gained in the entire game.
 F = Experience gained in this place divided by the number of levels of this place that you have seen.
                   A       B       C       D       E      F
               +-------+-------+-------+-------+-------+----------------------
         Total | 100.0 | 100.0 |  -nan |  -nan | 100.0 |  32.5
       Dungeon | 100.0 | 100.0 |  -nan |  -nan | 100.0 |  32.5
               +-------+-------+-------+-------+-------+----------------------

Vanquished Creatures
  A giant mite (D:1)
  An ooze (D:1)
  A giant cockroach (D:1)
  10 goblins (D:1)
  6 hobgoblins
  2 jackals (D:1)
  2 kobolds (D:1)
  A ball python (D:1)
  4 bats (D:1)
  A giant newt (D:1)
  4 rats (D:1)
33 creatures vanquished.

Action                   || total
-------------------------++-------
Melee: Quarterstaff      ||    95
  Use: Scroll            ||     2
  Eat: Chunk             ||     3

Vault maps used:
D:1:      dpeg_arrival_short_road, serial_glass, glass_columns_a,
          glass_columns_a, glass_columns_a, glass_columns_b
D:2:      uniq_sigmund, uniq_robin
